 Dungeon Crawl Stone Soup version 0.29-a0-901-g46a8461d6a (webtiles) character file.

Game seed: 6716764183651124779

234 Gwenloh the Sneak (level 5, 0/25 HPs)
             Began as a Spriggan Earth Elementalist on July 23, 2022.
             Slain by a ball python (1 damage)
             ... in a sewer.
             The game lasted 00:09:58 (3593 turns).

Gwenloh the Sneak (Spriggan Earth Elementalist)     Turns: 3593, Time: 00:09:59

Health: 0/25       AC:  3    Str:  4    XL:     5   Next: 75%
Magic:  11/11      EV: 15    Int: 19    God:
Gold:   78         SH:  0    Dex: 15    Spells: 7/11 levels left

rFire   . . .      SeeInvis +   d - +1 dagger (venom)
rCold   . . .      Faith    .   (no shield)
rNeg    . . .      Spirit   .   k - +1 robe {Will+}
rPois   .          Reflect  .   (helmet restricted)
rElec   .          Harm     .   (no cloak)
rCorr   .          Rampage  .   (gloves unavailable)
Will    +....                   (boots unavailable)
Stlth   ++........              (no amulet)
HPRegen 0.08/turn               (no ring)
MPRegen 0.12/turn               (no ring)

@: constricted, slow
A: very small, no large weapons, unfitting armour, see invisible, speed 3
a: no special abilities


You were in a sewer.
You visited 1 branch of the dungeon, and saw 3 of its levels.
You also visited: Sewer.

You collected 78 gold pieces.

Inventory:

Hand Weapons
 d - a +1 dagger of venom (weapon)
Armour
 a - a +0 robe
 k - a +1 robe of willpower (worn)
Jewellery
 l - an amulet of faith
Scrolls
 c - a scroll of teleportation {unknown}
 g - 3 scrolls of butterflies
 j - a scroll of enchant armour
 m - a scroll of blinking {unknown}
 n - 2 scrolls of brand weapon {unknown}
Potions
 b - 2 potions of magic
 e - a potion of resistance {unknown}
 f - 2 potions of brilliance {unknown}
 h - a potion of might {unknown}
 i - a potion of attraction {unknown}
 o - a potion of haste {unknown}
 p - a potion of curing {unknown}


   Skills:
 + Level 1.4 Fighting
 + Level 4.0 Dodging
 + Level 4.6 Stealth
 + Level 3.8 Spellcasting
 * Level 1.2 Conjurations
 - Level 2.5 Transmutations
 + Level 3.4 Earth Magic


You had 7 spell levels left.
You knew the following spells:

 Your Spells              Type           Power      Damage    Failure   Level
a - Sandblast             Erth           32%        2d9       3%          1
b - Stone Arrow           Conj/Erth      24%        3d8       16%         3

Your spell library contained the following spells:

 Spells                   Type           Power      Damage    Failure   Level
 Passwall                 Tmut/Erth      11%        N/A       6%          2
 Ensorcelled Hibernation  Hex/Ice        6%         N/A       22%         2
 Swiftness                Air            3%         N/A       38%         3
 Petrify                  Tmut/Erth      14%        N/A       38%         4


Dungeon Overview and Level Annotations

Branches:
Dungeon (3/15)              Sewer (1/1)

Altars:

Shops:
D:2 *


Innate Abilities, Weirdness & Mutations

You are very small and have problems with some larger weapons.
You are too small for most types of armour.
You have supernaturally acute eyesight. (SInv)
You cover ground extremely quickly. (Speed+++)


Message History

Okay, then.
You hit the adder.
The adder is poisoned.
The adder is moderately wounded.
The adder bites you but does no damage.
The ball python bites you but does no damage.
The ball python barely misses you.
You hit the ball python.
You kill the ball python!
The adder closely misses you. The ball python misses you.
The ball python closely misses you.
A bullfrog comes into view.
The adder bites you but does no damage. The ball python misses you.
The ball python grabs you. The ball python constricts you.
You closely miss the ball python. The bullfrog hits you. The adder bites you.
The ball python misses you. The ball python constricts you.
You barely miss the ball python. The bullfrog misses you.
The adder barely misses you. The ball python loses its grip on you.
The bullfrog misses you.
You enter the shallow water.
Moving in this stuff is going to be slow.
The ball python barely misses you. The ball python closely misses you.
Your unstable footing causes you to fumble your attack.
The bullfrog barely misses you. The adder barely misses you.
The ball python misses you. The ball python grabs you.
The ball python constricts you. The bullfrog hits you!
Your unstable footing causes you to fumble your attack.
The adder bites you.
* * * LOW HITPOINT WARNING * * *
The ball python closely misses you. The ball python barely misses you.
The ball python constricts you. The bullfrog hits you.
* * * LOW HITPOINT WARNING * * *
The adder misses you. The ball python misses you.
As you read the scroll labelled VUQEAL EQEUNYESTI, it crumbles to dust.
It is a scroll of enchant armour.
Your +0 robe of willpower glows green for a moment.
The adder hisses angrily.
You hear an angry hiss.
The ball python closely misses you. The ball python constricts you.
The bullfrog misses you. The adder bites you but does no damage.
The ball python bites you.
You die...

#####################
...≈≈≈≈≈≈≈F≈≈≈F≈≈≈#.###
...≈≈≈≈#≈†S@≈≈≈≈≈≈≈...##
.F≈≈S≈≈≈#≈S#S≈≈≈≈≈≈....#
...#≈≈≈≈≈≈≈≈≈≈≈≈≈≈≈....#
S.≈≈≈≈≈≈≈≈≈≈≈≈≈≈≈≈.....##
l.#≈≈≈≈≈≈≈≈≈≈≈≈≈≈≈......#
# ##################....#
####...## #..#....#
#..'.†..#


You could see 2 bullfrogs, an adder (poisoned) and 3 ball pythons.

Vanquished Creatures
  4 gnolls (D:2)
  5 river rats (Sewer)
  8 adders
  A dart slug (D:1)
  An orc (D:3)
  8 ball pythons
  3 endoplasms
  3 giant cockroaches
  6 goblins
  2 hobgoblins (D:1)
  9 kobolds
  2 quokkas (D:2)
  3 bats
  3 frilled lizards
  31 rats
89 creatures vanquished.

Vanquished Creatures (others)
  5 fungi (D:2)
  5 plants (D:2)
10 creatures vanquished.

Grand Total: 99 creatures vanquished

Notes
Turn   | Place    | Note
-------+----------+-------------------------------------------
     0 | D:1      | Gwenloh the Spriggan Earth Elementalist began the quest for
                  | the Orb.
     0 | D:1      | Reached XP level 1. HP: 9/9 MP: 5/5
   303 | D:1      | Reached XP level 2. HP: 13/13 MP: 4/6
  1314 | D:2      | Found Ushaothu's General Store.
  1328 | D:2      | Reached XP level 3. HP: 17/17 MP: 6/8
  1939 | D:2      | Reached XP level 4. HP: 21/21 MP: 5/9
  1956 | D:2      | Reached skill level 1 in Fighting
  2079 | D:2      | Found a faded altar of an unknown god.
  2084 | D:2      | Learned a level 3 spell: Stone Arrow
  2612 | D:3      | Found a glowing drain.
  2693 | Sewer    | Entered a sewer
  2843 | Sewer    | Reached XP level 5. HP: 25/25 MP: 8/11
  3253 | Sewer    | Reached skill level 1 in Conjurations
  3592 | Sewer    | HP: 1/25 [bullfrog (6)]
  3593 | Sewer    | Slain by a ball python

Illustrated notes

Levels and vault maps discovered:
D:1:      lightli_arrival_maybe_door_vault, layout_basic
D:2:      layout_loops_corners, serial_shops, nicolae_square_shop,
          dreamdust_ecumenical_altar_hidden_monk_grotto, grunt_decor_clamped,
          minmay_between
D:3:      layout_rooms, grunt_temple_overflow_gold_and_silver,
          gup_sewer_entry_glass, serial_glass, glass_columns_b, glass_columns_a,
          glass_columns_a, glass_columns_a, glass_columns_b, glass_columns_c
Sewer:    sewer_minmay_w

Skill      XL: |  1  2  3  4  5 |
---------------+----------------+-----
Dodging        | 3 4 |  4.0
Spellcasting   | 3 |  3.8
Transmutations | 2 |  2.5
Earth Magic    | 3 |  3.4
Fighting       | 1 |  1.4
Stealth        | 4 |  4.6
Conjurations   | 1 |  1.2

Action                   |  1- 3 |  4- 6 || total
-------------------------+-------+-------++-------
Melee: Dagger            |    13 |    29 ||    42
       Unarmed           |     1 |       ||     1
 Cast: Sandblast         |    41 |    67 ||   108
       Stone Arrow       |       |     1 ||     1
  Use: Scroll            |       |     2 ||     2
Armor: Robe              |     4 |     7 ||    11
Dodge: Dodged            |    14 |    83 ||    97

Table legend: (Time is in decaauts)
 A = Elapsed time spent in this place.
 B = Non-inter-level travel time spent in this place.
 C = Inter-level travel time spent in this place.
 D = Time resting spent in this place.
 E = Time spent auto-exploring this place.
 F = Levels seen in this place.
 G = Mean time per level.
                   A        B        C        D        E       F      G
               +--------+--------+--------+--------+--------+-----+--------+
         Total |   3017 |   3000 |     17 |    443 |   1918 |   4 |  754.2 |
       Dungeon |   2097 |   2080 |     17 |     43 |   1697 |   3 |  699.0 |
         Sewer |    920 |    920 |      0 |    400 |    221 |   1 |  920.0 |
               +--------+--------+--------+--------+--------+-----+--------+

Top non-repeatable levels by time:
     D:2: 1160 daAuts
   Sewer: 920 daAuts
     D:1: 784 daAuts
     D:3: 152 daAuts
